 Seeded DCSS version 0.29-a0-1065-g47a6bb87d6 (webtiles) character file.

Game seed: 1 (custom seed)

809 Kazon the Covered (level 7, -3/57 HPs)
             Began as a Demigod Fighter on Aug 18, 2022.
             Slain by an ogre
             ... wielding a +0 giant club
              (20 damage)
             ... on level 4 of the Dungeon.
             The game lasted 00:13:33 (2394 turns).

Kazon the Covered (Demigod Fighter)                 Turns: 2394, Time: 00:13:34

Health: -3/57      AC: 13    Str: 21    XL:     7   Next: 34%
Magic:  9/9        EV: 10    Int: 10    God:
Gold:   76         SH:  5    Dex: 17    Spells: 6/6 levels left

rFire   . . .      SeeInvis .   t - +3 falchion of Winter {venom, rCorr}
rCold   . . .      Faith    .   c - +0 buckler
rNeg    . . .      Spirit   .   b - +0 scale mail
rPois   .          Reflect  .   r - +0 helmet
rElec   .          Harm     .   (no cloak)
rCorr   +          Rampage  .   e - +1 pair of gloves of the Doldrums {-Cast +Blink Regen+ rCorr}
Will    .....      NoCast   +   m - +2 pair of boots
Stlth   +.........              u - amulet of regeneration
HPRegen 1.79/turn               (no ring)
MPRegen 0.11/turn               (no ring)

@: no status effects
A: high MP 1, forlorn, divine attributes
a: Evoke Blink


You were on level 4 of the Dungeon.
You visited 1 branch of the dungeon, and saw 4 of its levels.

You collected 260 gold pieces.
You spent 184 gold pieces at shops.

Inventory:

Hand Weapons
 a - a +0 flail
 k - a +2 dagger of venom
 t - the +3 falchion of Winter (weapon) {venom, rCorr}
   (You bought it in a shop on level 3 of the Dungeon)

   It poisons the flesh of those it strikes.
   rCorr:     It protects you from acid and corrosion.
Missiles
 o - 4 boomerangs
 p - a throwing net
 q - 7 stones
 s - 11 poisoned darts (quivered)
Armour
 b - a +0 scale mail (worn)
 c - a +0 buckler (worn)
 e - the +1 pair of gloves of the Doldrums (worn) {-Cast +Blink Regen+ rCorr}
   (You acquired it on level 1 of the Dungeon)

   +Blink:    It lets you blink.
   -Cast:     It prevents spellcasting.
   Regen:     It increases your rate of health regeneration.
   rCorr:     It protects you from acid and corrosion.
 m - a +2 pair of boots (worn)
 r - a +0 helmet (worn)
Jewellery
 u - an amulet of regeneration (around neck)
Wands
 w - a wand of flame (12)
 y - a wand of mindburst (12)
Scrolls
 f - 2 scrolls of enchant weapon {unknown}
 g - a scroll of fog {unknown}
 j - 2 scrolls of identify {unknown}
 l - a scroll of immolation {unknown}
 x - a scroll of vulnerability {unknown}
Potions
 d - a potion of might
 h - a potion of flight {unknown}
 i - a potion of attraction {unknown}
 n - a potion of berserk rage {unknown}
 v - a potion of magic {unknown}


   Skills:
 + Level 3.5 Fighting
 + Level 1.5(2.4) Short Blades
 + Level 2.9(3.1) Long Blades
 + Level 3.0 Maces & Flails
 + Level 1.0 Throwing
 + Level 4.2 Armour
 + Level 2.4 Dodging
 + Level 1.0 Stealth
 + Level 3.5 Shields
 * Level 2.4 Evocations


You had 6 spell levels left.
You didn't know any spells.
Your spell library contained the following spells:

 Spells                   Type           Power      Damage    Failure   Level
 Apportation              Tloc           0%         N/A       78%         1
 Necrotise                Necr           0%         1d4       78%         1
 Sting                    Tmut/Pois      0%         1d3       78%         1
 Summon Small Mammal      Summ           0%         N/A       78%         1
 Poisonous Vapours        Pois/Air       0%         N/A       89%         2
 Olgreb's Toxic Radiance  Pois           0%         N/A       100%        4


Dungeon Overview and Level Annotations

Branches:
Dungeon (4/15)
 Temple: D:4-7

Shops:
D:3 (


Innate Abilities, Weirdness & Mutations

You have an increased reservoir of magic. (+10% MP)
You shall have no god before yourself.
Your divine heritage dramatically boosts your attributes as you level up.


Message History

The water moccasin is almost dead.
You kill the water moccasin!
An orc comes into view. It is wielding a +0 club.
The orc shouts!
An ogre comes into view. It is wielding a +0 giant club.
There is an open door here.
You slash the orc!
You kill the orc!
The ogre shouts!
You see here a +0 club.
Throw: 13 darts (poison)
Press: ? - help, Q - select action, (/) - cycle Shift-Dir - straight line, f - ogre
Aim: an ogre, wielding a +0 giant club (75% to hit)
You throw a poisoned dart.
The poisoned dart closely misses the ogre.
Unknown command.
Throw: 12 darts (poison)
Press: ? - help, Q - select action, (/) - cycle Shift-Dir - straight line, f/p - ogre
Aim: an ogre, wielding a +0 giant club (75% to hit)
You throw a poisoned dart. The poisoned dart hits the ogre.
The ogre is poisoned.
Unknown command.
You barely miss the ogre.
The ogre hits you with a +0 giant club!!
You hit the ogre.
The ogre looks even sicker.
The ogre is lightly wounded.
You block the ogre's attack.
You hit the ogre but do no damage.
The ogre is lightly wounded.
You barely miss the ogre.
The ogre is moderately wounded.
The ogre hits you with a +0 giant club.
You hit the ogre.
The ogre is heavily wounded.
The ogre hits you with a +0 giant club!!
* * * LOW HITPOINT WARNING * * *
There is an open door here.
The ogre attacks as you move away!
The ogre hits you with a +0 giant club!!
You die...

#..# ####. #..#
#### #..# # #
###..# ####
##.##.( ###.....
.#....###.[....#
##....###......#'#
#..(###......###)#
#O###......###...#
#@#......###.†.###
#......###...###.#
##......##..##...#
##......##....###
##......##).##.#
##......##....#
##......##..##
##......##..#
##......##.#


You could see an ogre (very poisoned).

Vanquished Creatures
  Eustachio (D:4)
  A water moccasin (D:4)
  A black bear (D:4)
  2 ogres (D:4)
  A phantom (D:4)
  A howler monkey (D:4)
  A hound (D:4)
  Natasha (D:4)
  3 gnolls (D:2)
  2 adders (D:2)
  An ufetubus (D:4)
  2 worms
  3 dart slugs
  5 orcs
  7 endoplasms
  A giant cockroach (D:1)
  8 goblins
  9 hobgoblins
  7 jackals
  7 kobolds
  3 quokkas
  5 ball pythons
  2 bats
  4 frilled lizards
  5 rats
83 creatures vanquished.

Notes
Turn   | Place    | Note
-------+----------+-------------------------------------------
     0 | D:1      | Kazon the Demigod Fighter began the quest for the Orb.
     0 | D:1      | Reached XP level 1. HP: 18/18 MP: 3/3
    90 | D:1      | Identified a scroll of acquirement
    90 | D:1      | Acquired the +1 pair of gloves of the Doldrums {-Cast
                  | +Blink Regen+ rCorr}
   240 | D:1      | Reached XP level 2. HP: 25/25 MP: 4/4
   409 | D:1      | Reached skill level 3 in Armour
   674 | D:2      | Reached XP level 3. HP: 19/30 MP: 5/5
   861 | D:2      | Reached XP level 4. HP: 34/38 MP: 6/6
  1364 | D:3      | Found Umat's Antique Weapon Boutique.
  1412 | D:3      | Bought a crude falchion for 184 gold pieces
  1412 | D:3      | Identified the +3 falchion of Winter {venom, rCorr} (You
                  | bought it in a shop on level 3 of the Dungeon)
  1831 | D:4      | Noticed Eustachio
  1845 | D:4      | Killed Eustachio
  1846 | D:4      | Reached skill level 1 in Short Blades
  1846 | D:4      | Reached skill level 1 in Long Blades
  1846 | D:4      | Reached skill level 1 in Dodging
  1846 | D:4      | Reached skill level 1 in Evocations
  1846 | D:4      | Reached XP level 5. HP: 45/45 MP: 7/7
  2097 | D:4      | Noticed an ogre
  2108 | D:4      | Killed an ogre
  2109 | D:4      | Reached XP level 6. HP: 31/51 MP: 8/8
  2202 | D:4      | Noticed Natasha
  2206 | D:4      | Killed Natasha
  2207 | D:4      | Reached skill level 1 in Stealth
  2314 | D:4      | Reached skill level 1 in Throwing
  2314 | D:4      | Reached skill level 4 in Armour
  2314 | D:4      | Reached XP level 7. HP: 19/57 MP: 9/9
  2394 | D:4      | Slain by an ogre

Illustrated notes

Levels and vault maps discovered:
D:1:      dpeg_arrival_three_smaller_balls, layout_basic
D:2:      layout_loops_ring
D:3:      layout_basic, serial_shops, nicolae_shop_stone, st_stairs_7
D:4:      minmay_razor_zed, layout_basic, worldfamousw_hep_ancestral_shrine,
          uniq_eustachio, uniq_natasha

Skill      XL: |  1  2  3  4  5  6 |
---------------+-------------------+-----
Shields        | 3 |  3.5
Armour         | 3 4 |  4.2
Maces & Flails | 2 3 |  3.0
Fighting       | 3 |  3.5
Short Blades   | 1 |  1.5
Long Blades    | 1 2 |  2.9
Dodging        | 1 2 |  2.4
Evocations     | 1 2 |  2.4
Stealth        | 1 |  1.0
Throwing       | 1 |  1.0

Action                   |  1- 3 |  4- 6 |  7- 9 || total
-------------------------+-------+-------+-------++-------
Melee: Flail             |    71 |       |       ||    71
       Dagger            |    18 |    27 |       ||    45
       Falchion          |       |   104 |    24 ||   128
Throw: Stone             |       |    15 |       ||    15
       Boomerang         |       |     1 |       ||     1
       Dart              |       |     1 |     2 ||     3
  Use: Scroll            |     1 |       |       ||     1
       Potion            |     1 |       |       ||     1
Armor: Scale mail        |    40 |    55 |    11 ||   106
Dodge: Dodged            |    49 |    59 |     6 ||   114
Block: Buckler           |    18 |    20 |     6 ||    44

Table legend: (Time is in decaauts)
 A = Elapsed time spent in this place.
 B = Non-inter-level travel time spent in this place.
 C = Inter-level travel time spent in this place.
 D = Time resting spent in this place.
 E = Time spent auto-exploring this place.
 F = Levels seen in this place.
 G = Mean time per level.
                   A        B        C        D        E       F      G
               +--------+--------+--------+--------+--------+-----+--------+
         Total |   2434 |   2354 |     80 |      0 |   1003 |   4 |  608.5 |
       Dungeon |   2434 |   2354 |     80 |      0 |   1003 |   4 |  608.5 |
               +--------+--------+--------+--------+--------+-----+--------+

Top non-repeatable levels by time:
     D:2: 717 daAuts
     D:1: 641 daAuts
     D:4: 594 daAuts
     D:3: 481 daAuts
